 Dungeon Sprint DCSS version bcrawl-1.17.3 (webtiles) character file.

Game seed: 1008460557546708266

284 Freyura the Fighter (level 6, -8/45 HPs)
             Began as a Gargoyle Fighter on Oct 20, 2019.
             Was an Elder of the Shining One.
             Mangled by a five-headed hydra (9 damage)
             ... in the Dungeon (Sprint IX: "|||||||||||||||||||||||||||||").
             The game lasted 00:04:41 (271 turns).

Freyura the Fighter (Gargoyle Fighter)               Turns: 271, Time: 00:04:42

Health: -8/45      AC: 16    Str: 19    XL:     6   Next: 29%
Magic:  9/9        EV:  9    Int:  9    God:    the Shining One [****..]
Gold:   0          SH: 10    Dex: 11    Spells: 5/5 levels left

rFire    . . .     SeeInvis .   a - +0 flail
rCold    . . .     Gourm    .   c - +0 shield
rNeg     + + +     Faith    .   b - +0 scale mail
rPois    ∞         Spirit   .   o - +0 helmet
rElec    +         Reflect  .   (no cloak)
rCorr    .         Harm     .   p - +0 pair of gloves
MR       .....     NoTele   +   (no boots)
Stlth    ..........             (no amulet)
HPRegen  0.15/turn              q - +2 ring of protection
MPRegen  0.11/turn              r - +2 ring of evasion

@: glowing
A: negative energy resistance 1, electricity resistance, unbreathing,
petrification resistance, rot immunity, AC +4
a: Divine Shield, Cleansing Flame, Renounce Religion


You were in the Dungeon.
You worshipped the Shining One.
The Shining One was greatly pleased with you.
You were not hungry.

You visited 1 branch

Inventory:

Hand Weapons
 a - a +0 flail (weapon)
Armour
 b - a +0 scale mail (worn)
 c - a +0 shield (worn)
 o - a +0 helmet (worn)
 p - a +0 pair of gloves (worn)
Jewellery
 q - a +2 ring of protection (left hand)
 r - a +2 ring of evasion (right hand)
Wands
 n - a wand of acid (10)
Scrolls
 k - 2 scrolls of blinking
 l - 3 scrolls of remove curse
 m - 2 scrolls of amnesia
Potions
 d - a potion of might
 e - 5 potions of curing
 g - 3 potions of heal wounds
 h - a potion of haste
 i - 4 potions of magic
 j - a potion of berserk rage
Comestibles
 f - a ration {!d}


   Skills:
 * Level 8.3 Fighting
 * Level 7.2 Maces & Flails
 + Level 6.3 Armour
 + Level 6.2 Shields
 + Level 4.1 Invocations


You had 5 spell levels left.
You didn't know any spells.
Your spell library was empty.

Dungeon Overview and Level Annotations

Branches:
Dungeon (1/1)

Altars:
Cheibriados
Dithmenos
Elyvilon
Fedhas
Gozag
Hepliaklqana
Kikubaaqudgha
Lugonu
Makhleb
Nemelex Xobeh
Okawaru
Qazlal
Ru
Sif Muna
Trog
Uskayaw
Vehumet
Wu Jian
Xom
Yredelemnul
Zin
The Shining One
Beogh
Jiyva


Innate Abilities, Weirdness & Mutations

You are resistant to torment.
Your stone body is resilient. (AC +4)
You are immune to poison.
You resist negative energy. (rN+)
You are resistant to electric shocks. (rElec)
You can survive without breathing.
You are immune to petrification.
You are immune to rotting.


Message History

You thump the five-headed hydra!
The five-headed hydra is moderately wounded.
You block the five-headed hydra's attack.
The five-headed hydra bites you.
You block the five-headed hydra's attack.
The five-headed hydra closely misses you.
You block the five-headed hydra's attack.
You hit the five-headed hydra.
The five-headed hydra is moderately wounded.
The five-headed hydra bites you!
* * * LOW HITPOINT WARNING * * *
The five-headed hydra bites you.
* * * LOW HITPOINT WARNING * * *
The five-headed hydra bites you.
* * * LOW HITPOINT WARNING * * *
The five-headed hydra bites you but does no damage. x2
You fail to use your ability.
The five-headed hydra bites you.
* * * LOW HITPOINT WARNING * * *
The five-headed hydra bites you!
You die... ▓▓▓▓▓▓▓▓▓▓▓▓▓▓▓▓▓▓▓▓▓▓▓▓ '!.|)..[..).....@DcFoHS. ▓▓▓▓▓▓▓▓▓▓▓▓▓▓▓▓▓▓▓▓▓▓▓▓

You could see a five-headed hydra, a centaur warrior, a manticore, an orc warrior, a bullfrog and an adder.

Vanquished Creatures
  An orc warrior (D)
  A sky beast (D)
  A quasit (D)
  A worker ant (D)
  An adder (D)
  3 shadow imps (D)
  A leopard gecko (D)
  2 hobgoblins (D)
  A bat (D)
  A jackal zombie (D)
  2 kobolds (D)
  A leopard gecko zombie (D)
16 creatures vanquished.

Vanquished Creatures (others)
  A spatial maelstrom (D)
1 creature vanquished.

Grand Total: 17 creatures vanquished

Notes
Turn   | Place    | Note
-------+----------+-------------------------------------------
     0 | D        | Freyura the Gargoyle Fighter began the quest for the Orb.
     0 | D        | Reached XP level 1. HP: 14/14 MP: 1/1
     5 | D        | Banished a spatial maelstrom
    30 | D        | Noticed a worker ant
    31 | D        | Reached skill level 4 in Fighting
    37 | D        | Reached XP level 2. HP: 17/20 MP: 2/2
    42 | D        | Reached skill level 5 in Fighting
    42 | D        | Reached XP level 3. HP: 19/26 MP: 3/3
    61 | D        | Found a roughly hewn altar of Beogh.
    61 | D        | Found a snail-covered altar of Cheibriados.
    61 | D        | Found a shadowy altar of Dithmenos.
    61 | D        | Found a white marble altar of Elyvilon.
    61 | D        | Found a blossoming altar of Fedhas.
    61 | D        | Found an opulent altar of Gozag.
    62 | D        | Found a hazy altar of Hepliaklqana.
    63 | D        | Found a viscous altar of Jiyva.
    64 | D        | Found an ancient bone altar of Kikubaaqudgha.
    65 | D        | Found a corrupted altar of Lugonu.
    66 | D        | Found a burning altar of Makhleb.
    67 | D        | Found a sparkling altar of Nemelex Xobeh.
    68 | D        | Found an iron altar of Okawaru.
    69 | D        | Found a stormy altar of Qazlal.
    70 | D        | Found a sacrificial altar of Ru.
    71 | D        | Found a shimmering blue altar of Sif Muna.
    72 | D        | Found a bloodstained altar of Trog.
    73 | D        | Found a hide-covered altar of Uskayaw.
    74 | D        | Found a radiant altar of Vehumet.
    75 | D        | Found an ornate altar of the Wu Jian Council.
    76 | D        | Found a shimmering altar of Xom.
    77 | D        | Found a basalt altar of Yredelemnul.
    78 | D        | Found a glowing silver altar of Zin.
    79 | D        | Found a glowing golden altar of the Shining One.
    87 | D        | Became a worshipper of the Shining One
   145 | D        | Noticed an orc warrior
   145 | D        | Reached * piety under the Shining One
   145 | D        | Reached ** piety under the Shining One
   145 | D        | Noticed a sky beast
   152 | D        | Killed an orc warrior
   152 | D        | Reached skill level 7 in Fighting
   152 | D        | Reached skill level 5 in Maces & Flails
   152 | D        | Reached skill level 5 in Armour
   152 | D        | Reached skill level 5 in Shields
   152 | D        | Reached XP level 4. HP: 16/34 MP: 3/6
   152 | D        | Reached XP level 5. HP: 18/38 MP: 3/7
   163 | D        | Reached *** piety under the Shining One
   168 | D        | Killed a sky beast
   168 | D        | Reached skill level 8 in Fighting
   168 | D        | Reached XP level 6. HP: 28/45 MP: 6/9
   263 | D        | Noticed a five-headed hydra
   263 | D        | Noticed an orc warrior
   263 | D        | Reached **** piety under the Shining One
   263 | D        | Noticed a centaur warrior
   263 | D        | Noticed a manticore
   271 | D        | HP: 1/45 [five-headed hydra (2)]
   271 | D        | Mangled by a five-headed hydra

Skill      XL: |  1  2  3  4  5 |
---------------+----------------+-----
Fighting       | 4 5 7 8 |  8.3
Maces & Flails | 3 4 5 7 |  7.2
Armour         | 4 5 6 |  6.3
Shields        | 4 5 6 |  6.2
Invocations    | 2 4 |  4.1

Action                   |  1- 3 |  4- 6 || total
-------------------------+-------+-------++-------
Melee: Flail             |    51 |    23 ||    74
Armor: Scale mail        |    24 |    23 ||    47
Dodge: Dodged            |    13 |    15 ||    28
Block: Shield            |    21 |    26 ||    47
